 Dungeon Crawl Stone Soup version 0.18.1-50-g88ac8fd (webtiles) character file.

3759 Drunkenshrew the Protected (level 9, -6/89 HPs)
             Began as a Minotaur Fighter on Sept 18, 2016.
             Was an Initiate of Okawaru.
             Mangled by an orc warrior
             ... wielding a +0 trident
              (18 damage)
             ... on level 8 of the Dungeon.
             The game lasted 00:27:05 (6338 turns).

Drunkenshrew the Protected (Minotaur Fighter)       Turns: 6338, Time: 00:27:06

Health: -6/89      AC: 13    Str: 28    XL:     9   Next: 94%
Magic:  9/9        EV:  9    Int:  5    God:    Okawaru [......]
Gold:   339        SH: 11    Dex: 14    Spells: 0 memorised, 8 levels left

rFire  + . .     SeeInvis +     v - +4 mace of Pain and Death {drain, *Drain rN++ Str+4 Dex+4}
rCold  . . .     Gourm    .     d - +0 chain mail
rNeg   + + .     Faith    .     c - +0 shield
rPois  .         Spirit   .     C - +0 hat
rElec  .         Dismiss  .     (no cloak)
rCorr  .         Reflect  .     s - +0 pair of gloves
SustAt .         Harm     .     (no boots)
MR     .....                    (no amulet)
Stlth  ..........               z - ring of see invisible
                                D - ring of protection from fire

@: contaminated, glowing, not resistant to hostile enchantments, extremely
unstealthy
A: retaliatory headbutt, horns 2
a: Renounce Religion


You were on level 8 of the Dungeon.
You worshipped Okawaru.
Okawaru was noncommittal.
You were not hungry.

You visited 2 branches of the dungeon, and saw 9 of its levels.

You collected 447 gold pieces.
You spent 108 gold pieces at shops.

Inventory:

Hand Weapons
 a - a +0 war axe
 q - a +2 flail of protection
 v - the +4 mace of Pain and Death (weapon) {drain, *Drain rN++ Str+4 Dex+4}
   (You found it on level 4 of the Dungeon)

   A truly terrible weapon, it drains the life of those it strikes.
   It affects your strength (+4).
   It affects your dexterity (+4).
   It greatly protects you from negative energy.
   It causes draining when unequipped.
Missiles
 e - 2 javelins (quivered)
Armour
 c - a +0 shield (worn)
 d - a +0 chain mail (worn)
 s - a +0 pair of gloves (worn)
 C - a +0 hat (worn)
Jewellery
 o - an uncursed ring of positive energy
 z - a ring of see invisible (right hand)
 D - a ring of protection from fire (left hand)
Scrolls
 p - 3 scrolls of magic mapping
 r - 6 scrolls of teleportation
 u - a scroll of remove curse
 w - a scroll of amnesia
Potions
 g - 5 potions of curing
 h - 2 potions of degeneration {unknown}
 i - a potion of haste
 j - 2 potions of brilliance
 k - a potion of mutation {unknown}
 l - 2 potions of agility {unknown}
 m - a potion of berserk rage {unknown}
 n - a potion of magic {unknown}
 t - a potion of flight {unknown}
 x - a potion of heal wounds {unknown}
 A - a potion of cancellation {unknown}
 E - a potion of cure mutation {unknown}
Books
 y - a book of Geomancy

   Spells                             Type                      Level
   a - Sandblast                      Earth                        1
   b - Passwall                       Transmutation/Earth          2
   c - Stone Arrow                    Conjuration/Earth            3
   d - Petrify                        Transmutation/Earth          4
   e - Lee's Rapid Deconstruction     Earth                        5
 B - a Young Poisoner's Handbook

   Spells                             Type                      Level
   a - Sting                          Conjuration/Poison           1
   b - Cure Poison                    Poison                       2
   c - Mephitic Cloud                 Conjuration/Poison/Air       3
   d - Olgreb's Toxic Radiance        Poison                       4
   e - Venom Bolt                     Conjuration/Poison           5
Comestibles
 f - 4 bread rations


   Skills:
 + Level 11.0 Fighting
 - Level 2.4 Axes
 - Level 0.4 Throwing
 + Level 11.2 Armour
 + Level 4.7 Dodging
 + Level 6.2 Shields
 + Level 2.3 Invocations


You had 8 spell levels left.
You didn't know any spells.

Dungeon Overview and Level Annotations

Branches:
Dungeon (8/15)             Temple (1/1) D:7
   Lair: D:8-11

Altars:
Cheibriados
Dithmenos
Fedhas
Kikubaaqudgha
Makhleb
Okawaru
Pakellas
Qazlal
Sif Muna
Trog
Vehumet
Xom
Zin

Shops:
D:4 !


Innate Abilities, Weirdness & Mutations

You reflexively headbutt those who attack you in melee.
You have a pair of horns on your head.


Message History

You block the black bear's attack.
Okay, then.
You sock the black bear!
The black bear is severely wounded.
You block the orc warrior's attack.
The phantom blinks!
The black bear bites you but does no damage.
You block the black bear's attack.
The black bear claws you but does no damage.
You hit the black bear. You drain the black bear!
You kill the black bear!
Okawaru accepts your kill.
Your Fighting skill increases to level 11!
The orc warrior misses you.
The orc warrior hits you from afar with a trident!
* * * LOW HITPOINT WARNING * * *
You hit the orc. Your headbutt misses the orc.
The orc is severely wounded.
The orc hits you but does no damage.
The orc warrior hits you from afar with a trident!!
You die...

######..> .........
#.####... ###... ####
########## #..... #...#
#........#####....
.....##...#......###....
.....W#...##.....##.....
.....?o@..##......##.#..
.....o#...####.......#..
.....##...# ######..#..
#..ยง# #[..# #..#.. ####
#...# #### . #...# #...+
#...# #...#


You could see a phantom, an orc warrior and an orc.

Vanquished Creatures
  A hill giant (D:7)
  The ghost of AnaChi the Cleaver, a novice MiFi (D:6)
  A slime creature (D:8)
  Sigmund (D:5)
  A wraith (D:6)
  An ice beast (D:6)
  2 sky beasts
  2 orc warriors
  A black bear (D:8)
  5 ogres
  A centaur (D:7)
  3 giant frogs
  A scorpion (D:4)
  A wight (D:8)
  A howler monkey (D:6)
  3 crimson imps
  A centaur skeleton (D:5)
  A hound (D:7)
  2 giant frog skeletons (D:7)
  2 orc priests
  5 orc wizards
  3 iron imps (D:4)
  2 iguanas
  10 worker ants
  A hound zombie (D:6)
  A howler monkey zombie (D:5)
  A gnoll (D:3)
  11 adders
  A howler monkey skeleton (D:4)
  2 oozes
  A dart slug (D:4)
  4 giant geckos
  22 orcs
  7 giant cockroaches
  8 goblins
  3 hobgoblins
  17 jackals
  3 kobolds (D:3)
  3 quokkas
  A ball python (D:1)
  4 bats
  A giant cockroach zombie (D:5)
  2 giant newts (D:1)
  A jackal skeleton (D:4)
  A jackal zombie (D:8)
  10 rats
  A fungus (D:2)
158 creatures vanquished.

Vanquished Creatures (others)
  An orc wizard (D:6)
1 creature vanquished.

Grand Total: 159 creatures vanquished

Notes
Turn   | Place    | Note
--------------------------------------------------------------
     0 | D:1      | Drunkenshrew the Minotaur Fighter began the quest for the Orb.
     0 | D:1      | Reached XP level 1. HP: 19/19 MP: 0/0
    76 | D:1      | Reached XP level 2. HP: 27/27 MP: 1/1
   309 | D:1      | Reached XP level 3. HP: 29/34 MP: 2/2
   889 | D:2      | Found a shadowy altar of Dithmenos.
  1022 | D:2      | Reached skill level 1 in Dodging
  1170 | D:2      | Reached XP level 4. HP: 41/41 MP: 3/3
  1379 | D:3      | Reached skill level 5 in Armour
  1541 | D:3      | Found an ancient bone altar of Kikubaaqudgha.
  1637 | D:3      | Reached skill level 5 in Fighting
  1774 | D:3      | Reached XP level 5. HP: 43/48 MP: 4/4
  2684 | D:4      | Reached XP level 6. HP: 57/57 MP: 5/5
  2687 | D:4      | Got an iridescent mace
  2688 | D:4      | Identified the +4 mace of Pain and Death {drain, *Drain rN++ Str+4 Dex+4} (You found it on level 4 of the Dungeon)
  2954 | D:4      | Reached XP level 7. HP: 51/66 MP: 6/6
  2985 | D:4      | Found Garipruku's Distillery.
  2996 | D:4      | Bought a potion of curing for 36 gold pieces
  2996 | D:4      | Bought a potion of curing for 36 gold pieces
  2996 | D:4      | Bought a potion of curing for 36 gold pieces
  3258 | D:4      | Found a burning altar of Makhleb.
  3340 | D:5      | Entered Level 5 of the Dungeon
  3820 | D:5      | Found a bloodstained altar of Trog.
  3904 | D:5      | Noticed Sigmund
  3921 | D:5      | Killed Sigmund
  3921 | D:5      | Reached XP level 8. HP: 39/75 MP: 7/7
  4106 | D:6      | Noticed AnaChi's ghost (novice MiFi)
  4121 | D:6      | Killed AnaChi's ghost
  4176 | D:6      | Reached skill level 10 in Armour
  4279 | D:6      | Found a blossoming altar of Fedhas.
  4288 | D:6      | Found a stormy altar of Qazlal.
  4299 | D:6      | Reached skill level 10 in Fighting
  4682 | D:6      | Found a deep blue altar of Sif Muna.
  4750 | D:6      | Reached XP level 9. HP: 46/85 MP: 8/8
  5409 | D:7      | Reached skill level 5 in Shields
  5503 | D:7      | Identified a scroll of acquirement
  5573 | D:7      | Found a snail-covered altar of Cheibriados.
  5958 | D:7      | Found a staircase to the Ecumenical Temple.
  5976 | Temple   | Entered the Ecumenical Temple
  6012 | Temple   | Became a worshipper of Warmaster Okawaru
  6129 | D:7      | Noticed a hill giant
  6134 | D:7      | Killed a hill giant
  6134 | D:7      | Reached skill level 1 in Invocations
  6302 | D:8      | Got a warped ring mail
  6313 | D:8      | Identified the +2 ring mail of Loxushrau {*Contam rC+ Int+3} (You found it on level 8 of the Dungeon)
  6338 | D:8      | Mangled by an orc warrior

Skill      XL: |  1  2  3  4  5  6  7  8  9 |
---------------+----------------------------+-----
Fighting       | 4 5 6 7 8 10 11 | 11.0
Armour         | 4 5 6 7 8 10 11 | 11.2
Dodging        | 1 2 4 |  4.7
Shields        | 4 6 |  6.2
Invocations    | 2 |  2.3
Axes           | |  2.4
Throwing       | |  0.4

Action                   |  1- 3 |  4- 6 |  7- 9 || total
-------------------------+-------+-------+-------++-------
Melee: War axe           |    98 |    27 |       ||   125
       Headbutt          |     8 |    18 |    52 ||    78
       Flail             |       |    76 |       ||    76
       Mace              |       |    14 |   219 ||   233
Throw: Javelin           |     2 |     1 |     6 ||     9
  Use: Scroll            |       |     4 |     7 ||    11
       Potion            |       |       |     2 ||     2
  Eat: Bread ration      |     1 |       |     1 ||     2
       Beef jerky        |       |     2 |     1 ||     3
       Pizza             |       |       |     2 ||     2
       Meat ration       |       |       |     1 ||     1
Armor: Scale mail        |    61 |    62 |    61 ||   184
       Chain mail        |       |       |     5 ||     5
Dodge: Dodged            |    37 |    52 |    63 ||   152
Block: Shield            |    55 |    72 |   112 ||   239
